[Event "Titled Tuesday Blitz June 21 Early 2022"]
[White "Sadhwani, Raunak"]
[Black "Nesterov, Arseniy"]
[WhiteFideId "35093487"]
[BlackFideId "24198455"]
[WhiteElo "2616"]
[BlackElo "2489"]
[Result "1-0"]
[Round "09"]
[TimeControl "180+1"]
[Date "2022.06.21"]
[WhiteClock "0:00:05"]
[BlackClock "0:00:05"]

1. e4 e5 2. Nf3 Nc6 3. Bc4 Nf6 4. d3 Bc5 5. a4 d6 6. a5 a6 7. O-O Be6 8. Bxe6 fxe6 9. c3 O-O 10. Be3 Bxe3 11. fxe3 d5 12. Nbd2 dxe4 13. Nxe4 Nxe4 14. dxe4 Qxd1 15. Rfxd1 Rad8 16. b4 h6 17. Kf2 Kf7 18. Ke2 Ke7 19. h4 Rxd1 20. Rxd1 Rd8 21. Rh1 Rc8 22. Rf1 b6 23. axb6 cxb6 24. Rb1 a5 25. Nd2 axb4 26. cxb4 b5 27. Nf3 Ra8 28. Ne1 Ra2+ 29. Kf3 Rd2 30. Rb3 Rd1 31. Nd3 Kd6 32. Nc5 Ke7 33. Ra3 Rc1 34. Ra6 Nxb4 35. Rxe6+ Kf7 36. Rxe5 Nc6 37. Rf5+ Ke7 38. Nd3 Rc3 39. Ke2 Rc2+ 40. Kf1 b4 41. Rb5 Rc4 42. e5 Ke6 43. Nf4+ Kf5 44. e6+ Kf6 45. Kf2 g5 46. hxg5+ hxg5 47. Nh3 Ne5 48. Nxg5 Ng4+ 49. Ke2 b3 50. Nf3 Kxe6 51. Rxb3 Rc2+ 52. Nd2 Ne5 53. Rb6+ Kd5 54. Rb5+ Ke6 55. Rb4 Ra2 56. Rd4 Kf5 57. Rf4+ Ke6 58. Rd4 Kf5 59. Kf2 Ng4+ 60. Kf3 Ne5+ 61. Kg3 Ra3 62. Rf4+ Ke6 63. Re4 Kf5 64. Rxe5+ Kxe5 65. Nc4+ 1-0


[Site "https://www.chess.com"]

[Event "Titled Tuesday Blitz June 21 Early 2022"]
[White "Samsonkin, Artiom"]
[Black "Slugin, Sergey"]
[WhiteFideId "13503111"]
[BlackFideId "4122569"]
[WhiteElo "2513"]
[BlackElo "2358"]
[Result "1-0"]
[Round "09"]
[TimeControl "180+1"]
[Date "2022.06.21"]
[WhiteClock "0:00:07"]
[BlackClock "0:00:02"]

1. d4 Nf6 2. Nf3 g6 3. Nc3 d5 4. Bf4 Bg7 5. Qd2 O-O 6. Bh6 c5 7. Bxg7 Kxg7 8. e3 Nc6 9. Ne5 Qa5 10. a3 Bf5 11. Be2 cxd4 12. exd4 Qb6 13. g4 Nxe5 14. gxf5 Nc4 15. Bxc4 dxc4 16. O-O-O Qa5 17. fxg6 hxg6 18. Rde1 e6 19. h4 Rh8 20. Re5 Qb6 21. Ne4 Nxe4 22. Rxe4 Rh5 23. Qc3 Kg8 24. Qxc4 Rd8 25. c3 Qd6 26. Rhe1 b5 27. Qb4 Qc6 28. Qe7 Rd7 29. Qe8+ Kg7 30. Re5 Rxe5 31. Rxe5 Qh1+ 32. Kc2 Rc7 33. Qd8 Rc4 34. h5 Qf3 35. h6+ Kh7 36. Qf8 Qf6 37. Kb3 Rc6 38. Rxb5 a6 39. Rb8 a5 40. a4 g5 41. Rb7 Kg6 42. h7 Kxh7 43. Rxf7+ 1-0


[Site "https://www.chess.com"]

[Event "Titled Tuesday Blitz June 21 Early 2022"]
[White "Samunenkov, Ihor"]
[Black "Sargsyan, Anna M."]
[WhiteFideId "14187086"]
[BlackFideId "13308130"]
[WhiteElo "2409"]
[BlackElo "2271"]
[Result "1-0"]
[Round "09"]
[TimeControl "180+1"]
[Date "2022.06.21"]
[WhiteClock "0:00:03"]
[BlackClock "0:00:01"]

1. e4 c6 2. d4 d5 3. exd5 cxd5 4. Bd3 Nc6 5. c3 Nf6 6. Bf4 Bg4 7. Qb3 e5 8. Bxe5 Qe7 9. Nd2 Nxe5 10. dxe5 Qxe5+ 11. Ne2 O-O-O 12. O-O Bd6 13. Ng3 Qg5 14. Qc2 h5 15. Nf5 Bf4 16. Nb3 h4 17. Nbd4 Kb8 18. Rfe1 Nh5 19. Be2 Bxe2 20. Qxe2 Bc7 21. Qf3 g6 22. Ne3 Nf4 23. Rad1 a6 24. Qg4 Qh6 25. Nf3 f5 26. Qg5 Qf8 27. Nc2 Rh5 28. Qe7 Qh8 29. Nb4 Bd6 30. Qe3 Qh6 31. Nxa6+ bxa6 32. Qb6+ Kc8 33. Qxa6+ Kd7 34. Qb7+ Bc7 35. Ne5+ 1-0


[Site "https://www.chess.com"]

[Event "Titled Tuesday Blitz June 21 Early 2022"]
[White "Sethuraman, S.P."]
[Black "Starozhilov, Leonid"]
[WhiteFideId "5021596"]
[BlackFideId "14106752"]
[WhiteElo "2473"]
[BlackElo "2414"]
[Result "0-1"]
[Round "09"]
[TimeControl "180+1"]
[Date "2022.06.21"]
[WhiteClock "0:00:13"]
[BlackClock "0:00:07"]

1. e4 g6 2. d4 Bg7 3. Nc3 d6 4. Be3 a6 5. h4 h5 6. Qd2 b5 7. f3 Nf6 8. O-O-O Bb7 9. Nh3 Nbd7 10. Ng5 Nh7 11. Ne2 Nxg5 12. Bxg5 c5 13. d5 b4 14. Kb1 Nb6 15. Nf4 Na4 16. Nd3 a5 17. Ne5 Nxb2 18. Bb5+ Kf8 19. Nd7+ Kg8 20. e5 Nxd1 21. Rxd1 Bxe5 22. Qe2 f6 23. f4 Bc8 24. fxe5 Bxd7 25. exf6 exf6 26. Bxf6 Qxf6 27. Bxd7 Kg7 28. Rf1 Qe5 29. Qd2 Rhf8 30. Re1 Qd4 31. Qxd4+ cxd4 32. Kb2 Ra7 33. Be6 Rc7 34. Re2 a4 35. Rd2 Rf4 36. Re2 Rxh4 37. a3 bxa3+ 38. Kxa3 Rf4 39. Rd2 g5 40. g3 Rf3+ 41. Kxa4 Rxg3 42. Kb5 Rc5+ 43. Kb6 h4 44. Rxd4 h3 45. Rd2 g4 46. Rd4 h2 0-1


[Site "https://www.chess.com"]

[Event "Titled Tuesday Blitz June 21 Early 2022"]
[White "Shuvalova, Polina"]
[Black "Korchmar, Vasiliy"]
[WhiteFideId "24171760"]
[BlackFideId "24131750"]
[WhiteElo "2330"]
[BlackElo "2370"]
[Result "0-1"]
[Round "09"]
[TimeControl "180+1"]
[Date "2022.06.21"]
[WhiteClock "0:02:04"]
[BlackClock "0:01:57"]

1. d4 d5 2. Nc3 Nf6 3. Bg5 Bf5 4. Bxf6 exf6 5. e3 c6 6. Bd3 Bg6 7. Nge2 Bd6 8. Nf4 Nd7 9. Nce2 Qb6 10. O-O O-O 11. c4 dxc4 12. Bxc4 Qxb2 13. Nxg6 hxg6 14. Rb1 Qa3 15. Rxb7 Nb6 16. Bb3 Qa6 17. Rxb6 axb6 18. Nc3 Rfe8 19. Qf3 Rac8 20. h4 Bh2+ 21. Kxh2 Qxf1 22. Qg3 Qd3 23. Na4 Qb5 24. Qxg6 Qxb3 0-1


[Site "https://www.chess.com"]

[Event "Titled Tuesday Blitz June 21 Early 2022"]
[White "So, Wesley"]
[Black "Zhigalko, Sergei"]
[WhiteFideId "5202213"]
[BlackFideId "13502956"]
[WhiteElo "2742"]
[BlackElo "2662"]
[Result "1-0"]
[Round "09"]
[TimeControl "180+1"]
[Date "2022.06.21"]
[WhiteClock "0:00:13"]
[BlackClock "0:00:02"]

1. d4 Nf6 2. c4 e6 3. Nc3 Bb4 4. e3 O-O 5. Nf3 b6 6. Bd3 Bb7 7. O-O d5 8. a3 Bd6 9. cxd5 exd5 10. Qc2 c5 11. b3 Nc6 12. dxc5 bxc5 13. Bb2 Rc8 14. Bf5 Rb8 15. Rfd1 d4 16. Nb5 Ne7 17. Nfxd4 cxd4 18. Bxd4 Nfd5 19. Bxa7 Nxf5 20. Bxb8 Qxb8 21. Qxf5 Bxh2+ 22. Kh1 Nf6 23. f3 Be5 24. Rac1 g6 25. Qd3 Nh5 26. a4 Ba6 27. Rc5 Bf6 28. Qd6 Bxb5 29. Qxb8 Rxb8 30. Rxb5 Rc8 31. a5 Rc2 32. Rb4 Ng3+ 33. Kh2 Nf5 34. a6 Nxe3 35. a7 Be5+ 36. Kh3 Kg7 37. a8=Q Nxd1 38. Rc4 Nf2+ 39. Kh4 Rd2 40. f4 Bf6+ 41. Kg3 Nh1+ 42. Kh2 Nf2 43. Rc8 h5 44. Kg3 Ng4 45. Kf3 Rb2 46. Rg8+ Kh7 47. Rb8 Rf2+ 48. Ke4 Rxg2 49. b4 Re2+ 50. Kd3 Re3+ 51. Kd2 Bc3+ 52. Kc2 Bf6 53. Rb7 Rc3+ 54. Kd2 Kg7 55. Qa7 Nh6 56. Rb6 Rb3 57. b5 Bd4 58. Qa4 Nf5 59. Qxb3 Bxb6 60. Qc3+ Kh7 61. Qc6 Ba5+ 62. Kd3 h4 63. b6 Bxb6 64. Qxb6 Kg7 65. Ke2 Ng3+ 66. Kf2 Nf5 67. Kf3 Kh6 68. Kg4 Kg7 69. Kg5 Nh6 70. Kxh4 Kh7 71. Kg5 Kg7 72. Qf6+ Kh7 73. f5 1-0


[Site "https://www.chess.com"]

[Event "Titled Tuesday Blitz June 21 Early 2022"]
[White "Steinberg, Nitzan"]
[Black "Yang, Kaiqi"]
[WhiteFideId "2801795"]
[BlackFideId "8604398"]
[WhiteElo "2471"]
[BlackElo "2373"]
[Result "1/2-1/2"]
[Round "09"]
[TimeControl "180+1"]
[Date "2022.06.21"]
[WhiteClock "0:00:10"]
[BlackClock "0:00:12"]

1. e4 c5 2. Nf3 e6 3. d4 cxd4 4. Nxd4 a6 5. Bd3 Bc5 6. Nb3 Ba7 7. Nc3 Nc6 8. Qe2 d6 9. Be3 Nf6 10. O-O O-O 11. Rad1 Bxe3 12. Qxe3 e5 13. Be2 Qc7 14. f4 exf4 15. Rxf4 Be6 16. Rxf6 gxf6 17. Qh6 Qe7 18. Rf1 Ne5 19. Nd4 Rfe8 20. Rf4 Ng6 21. Rf3 Qf8 22. Qd2 Kh8 23. Rg3 Rac8 24. Qe3 b5 25. a3 Bc4 26. Bg4 Rc5 27. Qf2 Qe7 28. Bf5 Qe5 29. Rg4 a5 30. b4 axb4 31. axb4 Rc7 32. h4 Be6 33. Ncxb5 Rc4 34. h5 Ne7 35. h6 Bxf5 36. exf5 Nxf5 37. Rf4 Ne3 38. Rxf6 Ng4 39. Nxd6 Qxf6 40. Qxf6+ Nxf6 41. Nxe8 Nxe8 42. c3 Rxc3 43. b5 Rc1+ 44. Kf2 Rc4 45. Ke3 Rb4 46. Kd3 Nd6 47. Kc3 Rxb5 48. Nxb5 Nxb5+ 49. Kc4 Nc7 50. g4 Ne6 51. Kd5 Kg8 52. Ke5 Ng5 53. Kf6 Ne6 54. Kf5 Kf8 55. Kf6 Nd4 56. g5 Nf3 57. Kf5 Nh4+ 58. Kg4 Ng6 59. Kf5 Ke7 60. Kg4 Ke6 61. Kh5 Kf5 1/2-1/2


[Site "https://www.chess.com"]

[Event "Titled Tuesday Blitz June 21 Early 2022"]
[White "Stribuk, Artiom"]
[Black "Lagno, Kateryna"]
[WhiteFideId "13515659"]
[BlackFideId "14109336"]
[WhiteElo "2259"]
[BlackElo "2522"]
[Result "0-1"]
[Round "09"]
[TimeControl "180+1"]
[Date "2022.06.21"]
[WhiteClock "0:00:02"]
[BlackClock "0:00:07"]

1. d4 Nf6 2. c4 g6 3. Nf3 Bg7 4. g3 O-O 5. Bg2 d5 6. cxd5 Nxd5 7. O-O Nb6 8. Nc3 Nc6 9. e3 Re8 10. h3 Rb8 11. Kh2 e5 12. d5 e4 13. dxc6 exf3 14. Bxf3 Qf6 15. cxb7 Bxb7 16. Bxb7 Rxb7 17. Qc2 Qf3 18. Ne2 c5 19. Rb1 c4 20. Ng1 Qd5 21. Rd1 Qc6 22. Bd2 Na4 23. b3 Qf6 24. Be1 Nb2 25. bxc4 Reb8 26. Rd4 Qa6 27. Rd2 h5 28. h4 Nxc4 29. Rxb7 Rxb7 30. Rd8+ Kh7 31. Nf3 Rb2 32. Ng5+ Kh6 33. Nxf7+ Kh7 34. Ng5+ Kh6 35. Qe4 Qf6 36. Rd7 Ne5 37. Rxg7 Kxg7 38. Kg2 Kg8 39. Nh3 Qc6 40. Qxc6 Nxc6 41. a4 Ra2 42. Nf4 Kf7 43. Nd5 Rxa4 44. Bc3 a5 45. Kf3 Rc4 46. Bb2 a4 47. e4 Rc2 48. Ba3 Ra2 49. Bd6 a3 50. Ke3 Ra1 51. Bxa3 Rxa3+ 52. Kf4 Ne7 53. Ne3 Ra2 54. f3 Nc6 55. Nc4 Nd4 56. Ke3 Ne6 57. Ne5+ Kf6 58. Nd7+ Ke7 59. Ne5 Ra3+ 60. Kf2 Nd4 61. Nxg6+ Kf6 62. Nf4 Nxf3 63. Kg2 Ne5 64. Nxh5+ Ke6 65. Nf4+ Kd6 66. h5 Ng4 67. Kh3 Nf2+ 68. Kh4 Nxe4 69. h6 Nf6 70. Kg5 Ke7 71. Ng6+ Kf7 72. g4 Ra5+ 73. Kf4 Kxg6 0-1


[Site "https://www.chess.com"]

[Event "Titled Tuesday Blitz June 21 Early 2022"]
[White "Tari, Aryan"]
[Black "Fedoseev, Vladimir"]
[WhiteFideId "1510045"]
[BlackFideId "24130737"]
[WhiteElo "2567"]
[BlackElo "2726"]
[Result "0-1"]
[Round "09"]
[TimeControl "180+1"]
[Date "2022.06.21"]
[WhiteClock "0:00:01"]
[BlackClock "0:00:03"]

1. e4 e5 2. Nf3 Nc6 3. Bb5 a6 4. Ba4 d6 5. O-O Bd7 6. c3 Nge7 7. d4 Ng6 8. Re1 Be7 9. Nbd2 O-O 10. h3 exd4 11. cxd4 d5 12. e5 Kh8 13. Nf1 f6 14. e6 Be8 15. Ng3 Bd6 16. Nf5 Nce7 17. Bc2 Nxf5 18. Bxf5 Ne7 19. Bc2 Bg6 20. Nh4 Bxc2 21. Qxc2 g6 22. Nf3 g5 23. a3 Rg8 24. Ne5 Bxe5 25. dxe5 f5 26. b4 Rg6 27. Be3 c6 28. Bc5 Rxe6 29. Bxe7 Qxe7 30. Qxf5 Rf8 31. Qg4 Rxe5 32. Qd4 Re8 33. Re3 Qg7 34. Rxe5 Rxe5 35. Qg4 h6 36. Rd1 Kh7 37. Rd3 Re1+ 38. Kh2 Qe5+ 39. Rg3 Re4 40. Qd7+ Qe7 41. Qf5+ Kg7 42. f4 Qf6 43. Qd7+ Re7 44. Qg4 Re4 45. Qd7+ Qf7 46. Qxf7+ Kxf7 47. fxg5 hxg5 48. Rxg5 d4 49. Kg1 d3 50. Rf5+ Ke6 51. Rf8 d2 52. Re8+ Kf5 53. Rf8+ Kg6 0-1


[Site "https://www.chess.com"]

[Event "Titled Tuesday Blitz June 21 Early 2022"]
[White "Terry, Renato"]
[Black "Grigorov, Grigor"]
[WhiteFideId "3803457"]
[BlackFideId "2907313"]
[WhiteElo "2577"]
[BlackElo "2510"]
[Result "1-0"]
[Round "09"]
[TimeControl "180+1"]
[Date "2022.06.21"]
[WhiteClock "0:00:13"]
[BlackClock "0:00:04"]

1. d4 Nf6 2. Bg5 d5 3. Bxf6 gxf6 4. e3 c5 5. Nf3 Nc6 6. c3 e5 7. Nbd2 cxd4 8. cxd4 e4 9. Ng1 f5 10. g3 Bd6 11. Ne2 Be6 12. a3 Rc8 13. h4 Qb6 14. Qb3 Qxb3 15. Nxb3 Ke7 16. Rc1 Rc7 17. Kd2 Rhc8 18. Nc3 a6 19. Be2 Nb8 20. Na4 Nd7 21. Rxc7 Rxc7 22. Rc1 Rxc1 23. Kxc1 Kd8 24. Nac5 Kc7 25. Kc2 Nf6 26. a4 Bc8 27. a5 Kc6 28. Kc3 Bc7 29. Kb4 Bd6 30. Kc3 Bc7 31. Na4 Bd6 32. Nbc5 Bc7 33. b4 Ng4 34. Bxg4 fxg4 35. Kb3 h5 36. Nc3 Bd6 37. Ne2 Bc7 38. Nf4 Bxf4 39. exf4 Bf5 40. Na4 Be6 41. Nc3 f5 42. b5+ Kd6 43. Kb4 Bd7 44. Ka4 Be8 45. Kb4 Bd7 46. Kb3 Bxb5 47. Kb4 Bc6 48. Nd1 Bd7 49. Ne3 Be6 50. Nd1 Kc6 51. Nc3 1-0


[Site "https://www.chess.com"]

[Event "Titled Tuesday Blitz June 21 Early 2022"]
[White "Volkov, Maksim"]
[Black "Costachi, Mihnea"]
[WhiteFideId "54123070"]
[BlackFideId "1217518"]
[WhiteElo "2155"]
[BlackElo "2476"]
[Result "1-0"]
[Round "09"]
[TimeControl "180+1"]
[Date "2022.06.21"]
[WhiteClock "0:00:04"]
[BlackClock "0:00:27"]

1. d4 Nf6 2. c4 g6 3. g3 Bg7 4. Bg2 O-O 5. Nc3 d6 6. Nf3 Nc6 7. O-O Bf5 8. d5 Na5 9. b3 c5 10. dxc6 Nxc6 11. Bb2 Ne4 12. Rc1 Nxc3 13. Bxc3 Bxc3 14. Rxc3 Qa5 15. Qd2 Rfd8 16. Rd1 Rac8 17. Re3 Qxd2 18. Rxd2 Kf8 19. Ng5 h6 20. Ne4 Ne5 21. h3 b6 22. Nc3 Bd7 23. Nd5 Bc6 24. f4 Bxd5 25. Bxd5 Nc6 26. g4 Nb4 27. Be4 Na6 28. Bb7 Nc5 29. Bxc8 Rxc8 30. Kf2 f5 31. Kf3 Ne4 32. Rd4 Kf7 33. h4 h5 34. g5 Ke8 35. Red3 Kd7 36. a3 Nc5 37. Re3 Ne4 38. Rexe4 fxe4+ 39. Kxe4 Ke6 40. Rd5 Rf8 41. e3 Rf7 42. Kf3 Kd7 43. e4 e6 44. Rd2 e5 45. f5 gxf5 46. g6 fxe4+ 47. Ke3 Rf3+ 48. Kxe4 Rf4+ 49. Kd5 Rg4 50. g7 Rxg7 51. Rf2 Ke7 52. Rf5 Rg3 53. Rxh5 Rxb3 54. Rh7+ Kf6 55. Rxa7 Rd3+ 56. Kc6 e4 57. Ra8 Ke7 58. Rg8 Rxa3 59. Kxb6 Rc3 60. Kb5 Ke6 61. h5 Rh3 62. Re8+ Kf5 63. Kc6 Rxh5 64. Kxd6 Rh6+ 65. Kd5 Rh4 66. c5 Kf6 67. Rxe4 Rh5+ 68. Kd4 Rh1 69. Re3 Rd1+ 70. Kc4 Rc1+ 71. Kb5 Kf5 72. Kc6 Kf4 73. Re8 Re1 74. Rxe1 Kf5 75. Re8 Kf6 76. Kd7 Kf7 77. c6 Kf6 78. c7 Kg7 79. c8=Q Kh7 80. Rh8+ Kg7 81. Qf8+ Kg6 82. Rg8+ Kh5 83. Qf7+ Kh6 84. Qg6# 1-0


[Site "https://www.chess.com"]

[Event "Titled Tuesday Blitz June 21 Early 2022"]
[White "Wagner, Dennis"]
[Black "Jia, Haoxiang"]
[WhiteFideId "24650684"]
[BlackFideId "8602999"]
[WhiteElo "2355"]
[BlackElo "2614"]
[Result "1-0"]
[Round "09"]
[TimeControl "180+1"]
[Date "2022.06.21"]
[WhiteClock "0:01:22"]
[BlackClock "0:00:53"]

1. d4 d5 2. Nf3 Nf6 3. e3 c6 4. c4 Bf5 5. Nc3 e6 6. Nh4 Bg6 7. Nxg6 hxg6 8. g3 Nbd7 9. c5 b6 10. cxb6 axb6 11. Bg2 Bd6 12. O-O O-O 13. b3 Qe7 14. a4 Rfc8 15. Bb2 e5 16. Qc2 e4 17. Rfc1 Nf8 18. h4 Rc7 19. Bh3 N8h7 20. Kg2 g5 21. hxg5 Nxg5 22. Rh1 Nfh7 23. Bg4 g6 24. Rh4 f5 25. Be2 Qf6 26. Rah1 Bf8 27. Nxd5 cxd5 28. Qxc7 Bg7 29. Ba3 Ne6 30. Qb7 1-0


[Site "https://www.chess.com"]

[Event "Titled Tuesday Blitz June 21 Early 2022"]
[White "Xu, Yi"]
[Black "Tisaj, Domen"]
[WhiteFideId "8605564"]
[BlackFideId "14628708"]
[WhiteElo "2471"]
[BlackElo "2326"]
[Result "1-0"]
[Round "09"]
[TimeControl "180+1"]
[Date "2022.06.21"]
[WhiteClock "0:00:50"]
[BlackClock "0:01:04"]

1. e4 c5 2. Nf3 Nc6 3. Bb5 Nf6 4. Nc3 g6 5. e5 Ng4 6. Bxc6 dxc6 7. h3 Nh6 8. g4 Bg7 9. Qe2 O-O 10. d3 f5 11. g5 Nf7 12. Bf4 Qa5 13. h4 b5 14. h5 b4 15. Nd1 b3+ 16. c3 Qxa2 17. Rc1 c4 18. d4 Be6 19. hxg6 hxg6 20. Ne3 Qa6 21. Nh4 Nh8 22. Nhg2 Qb5 23. Bg3 Bd5 24. f3 Kf7 25. Nf4 e6 26. Rh7 a5 27. Nexd5 cxd5 28. Rxg7+ Kxg7 29. Nxe6+ Kg8 30. Nxf8 Rxf8 31. e6 f4 32. e7 Re8 33. Qe6+ Kg7 34. Bxf4 Qb7 35. Be5+ Kh7 36. Qh3+ 1-0


[Site "https://www.chess.com"]

[Event "Titled Tuesday Blitz June 21 Early 2022"]
[White "Yedidia, Daniel"]
[Black "Bharath Subramaniyam H"]
[WhiteFideId "30905907"]
[BlackFideId "46634827"]
[WhiteElo "2615"]
[BlackElo "2242"]
[Result "0-1"]
[Round "09"]
[TimeControl "180+1"]
[Date "2022.06.21"]
[WhiteClock "0:00:03"]
[BlackClock "0:01:20"]

1. d4 Nf6 2. c4 e6 3. Nc3 c5 4. d5 exd5 5. cxd5 d6 6. e4 g6 7. f4 Bg7 8. Bb5+ Nfd7 9. a4 O-O 10. Nf3 Na6 11. O-O Nb4 12. Re1 a6 13. Bf1 Rb8 14. Be3 Nf6 15. Bf2 Bg4 16. Rc1 Re8 17. h3 Bxf3 18. Qxf3 Nd7 19. Rcd1 Nc2 20. Re2 Nd4 21. Bxd4 cxd4 22. Nb1 Nc5 23. b3 Qb6 24. Nd2 d3 25. Rf2 Bd4 26. Kh2 Nxb3 27. Nxb3 Bxf2 28. Rxd3 Rbc8 29. a5 Bg1+ 30. Kh1 Qf2 31. Qd1 Rxe4 32. Rf3 Qa7 33. f5 Rce8 34. fxg6 hxg6 35. Nd2 Re1 36. Qa4 Qd4 37. Qc2 Be3 38. Nb3 Qe4 0-1


[Site "https://www.chess.com"]

[Event "Titled Tuesday Blitz June 21 Early 2022"]
[White "Zierk, Steven"]
[Black "Lashkin, Jegor"]
[WhiteFideId "2034255"]
[BlackFideId "13907808"]
[WhiteElo "2494"]
[BlackElo "2368"]
[Result "1-0"]
[Round "09"]
[TimeControl "180+1"]
[Date "2022.06.21"]
[WhiteClock "0:01:15"]
[BlackClock "0:00:26"]

1. e4 c5 2. Nf3 d6 3. d4 cxd4 4. Nxd4 Nf6 5. f3 e5 6. Nb3 d5 7. Bg5 Be6 8. Bxf6 gxf6 9. exd5 Qxd5 10. Nc3 Bb4 11. Qxd5 Bxd5 12. O-O-O Be6 13. Ne4 f5 14. Nec5 Bxc5 15. Nxc5 Ke7 16. Nxb7 Nc6 17. Nc5 Nb4 18. a3 Nd5 19. Ba6 Rab8 20. Rhe1 Rb6 21. Bc4 Rc8 22. Nxe6 Rxc4 23. Ng7 Nf4 24. Nxf5+ Ke6 25. Ne3 Rc7 26. g3 1-0


[Site "https://www.chess.com"]

[Event "Titled Tuesday Blitz June 21 Early 2022"]
[White "Adewumi, Tanitoluwa"]
[Black "Agasarov, Benik"]
[WhiteFideId "30966396"]
[BlackFideId "13314823"]
[WhiteElo "2541"]
[BlackElo "2651"]
[Result "1/2-1/2"]
[Round "10"]
[TimeControl "180+1"]
[Date "2022.06.22"]
[WhiteClock "0:00:02"]
[BlackClock "0:00:05"]

1. e4 c5 2. Nf3 d6 3. Bb5+ Nd7 4. c3 Nf6 5. Bd3 a6 6. Bc2 b5 7. d4 cxd4 8. cxd4 Bb7 9. Nbd2 g6 10. O-O Bg7 11. e5 dxe5 12. dxe5 Nd5 13. e6 fxe6 14. Ng5 Qb6 15. Re1 O-O 16. Ndf3 Rf6 17. Be3 Nxe3 18. Rxe3 Nc5 19. b4 Na4 20. Bb3 Bxf3 21. Rxf3 Rxf3 22. Qxf3 Rf8 23. Bxe6+ Kh8 24. Nf7+ Kg8 25. Re1 Bd4 26. g3 Kg7 27. Kg2 Nc3 28. Bb3 Qf6 29. Qxf6+ Kxf6 30. g4 Rxf7 31. g5+ Kg7 32. Bxf7 Kxf7 33. f4 e6 34. Kf3 Nd5 35. Ke4 Bc3 36. Rc1 Bxb4 37. Rc6 Be7 38. Rxa6 Nc3+ 39. Ke5 b4 40. Rxe6 Nxa2 41. f5 gxf5 42. Kxf5 Nc3 43. h4 b3 44. Rb6 Ne2 45. h5 Nc1 46. g6+ hxg6+ 47. hxg6+ Kf8 48. Ke6 Bc5 49. Rb7 Bd4 50. Kf5 b2 51. Rb4 Bc3 52. Rb7 Na2 53. Rb3 Nb4 54. Ke6 Kg7 55. Kf5 Nc2 56. Ke4 Kxg6 57. Kd3 Na3 58. Kxc3 b1=Q 59. Rxb1 Nxb1+ 1/2-1/2


[Site "https://www.chess.com"]

[Event "Titled Tuesday Blitz June 21 Early 2022"]
[White "Ajay Krishna, S"]
[Black "Estrada Nieto, Julian"]
[WhiteFideId "5096430"]
[BlackFideId "5101018"]
[WhiteElo "2247"]
[BlackElo "2252"]
[Result "0-1"]
[Round "10"]
[TimeControl "180+1"]
[Date "2022.06.22"]
[WhiteClock "0:00:59"]
[BlackClock "0:00:30"]

1. d4 d5 2. c4 dxc4 3. e3 Nf6 4. Bxc4 e6 5. Nc3 c5 6. Nf3 a6 7. a4 Nc6 8. O-O Be7 9. Qe2 cxd4 10. Rd1 e5 11. exd4 exd4 12. Be3 Bg4 13. h3 Bxf3 14. Qxf3 O-O 15. Nd5 Ne5 16. Nxf6+ Bxf6 17. Qe2 Qc7 18. Bxd4 Qxc4 19. Qh5 Ng6 20. Bxf6 gxf6 21. Rd7 Qe4 22. Rad1 Qxg2+ 23. Kxg2 Nf4+ 24. Kf3 Nxh5 25. Rxb7 Rab8 26. Rdd7 Rxb7 27. Rxb7 Rc8 28. Kg4 Ng7 29. Rb6 h5+ 30. Kg3 Rc2 31. Rxf6 Rxb2 32. Rxa6 Ne6 33. Ra5 Rb3+ 34. f3 Nd4 35. Rg5+ Kf8 36. Rxh5 Rxf3+ 37. Kg2 Ra3 38. Ra5 Kg7 39. Ra6 f5 40. Rd6 Rxa4 41. Kg3 Kf7 42. Rb6 Ne6 43. h4 Rg4+ 44. Kh3 Nf4+ 45. Kh2 Rxh4+ 46. Kg3 Rg4+ 47. Kf3 Ne6 48. Rb5 Nd4+ 0-1


[Site "https://www.chess.com"]

[Event "Titled Tuesday Blitz June 21 Early 2022"]
[White "Alinasab, Mobina"]
[Black "Aaditya Dhingra"]
[WhiteFideId "12528897"]
[BlackFideId "25678191"]
[WhiteElo "2031"]
[BlackElo "1849"]
[Result "1-0"]
[Round "10"]
[TimeControl "180+1"]
[Date "2022.06.22"]
[WhiteClock "0:00:05"]
[BlackClock "0:00:05"]

1. Nf3 c5 2. g3 b5 3. Bg2 Bb7 4. O-O Nf6 5. d4 cxd4 6. Nxd4 Bxg2 7. Kxg2 Qc7 8. a4 bxa4 9. c3 e5 10. Nf3 Nc6 11. Qxa4 Bc5 12. Bg5 e4 13. Nfd2 e3 14. fxe3 Qe5 15. Bxf6 gxf6 16. Ne4 Be7 17. Nbd2 f5 18. Nf2 Qxe3 19. Nf3 O-O 20. Qc2 Rab8 21. b4 Rbc8 22. Qxf5 Qxc3 23. b5 Nd8 24. Ne4 Qg7 25. Qxd7 Rc2 26. Nd4 Rc4 27. Nf5 Qe5 28. Nxe7+ Kh8 29. Nf6 Rd4 30. Qf5 Qxe2+ 31. Rf2 Qxe7 32. Qxh7# 1-0


[Site "https://www.chess.com"]

[Event "Titled Tuesday Blitz June 21 Early 2022"]
[White "Al-Tarboush, Ward"]
[Black "Mickiewicz, Piotr"]
[WhiteFideId "7601450"]
[BlackFideId "1114891"]
[WhiteElo "2249"]
[BlackElo "2209"]
[Result "0-1"]
[Round "10"]
[TimeControl "180+1"]
[Date "2022.06.22"]
[WhiteClock "0:01:34"]
[BlackClock "0:00:36"]

1. e4 c5 2. Nf3 d6 3. d4 cxd4 4. Nxd4 Nf6 5. Nc3 e6 6. g4 e5 7. Nf5 h5 8. g5 Nxe4 9. Nxg7+ Bxg7 10. Nxe4 d5 11. Nf6+ Bxf6 12. gxf6 Nc6 13. Bg5 Bf5 14. Qd2 Nd4 15. O-O-O Rc8 16. c3 Qa5 17. Bd3 Qxa2 18. Bxf5 Qa1+ 19. Bb1 Nb3+ 20. Kc2 Nxd2 21. Rxd2 d4 22. Re1 dxc3 23. Rxe5+ Kf8 24. Rd7 Qxb2+ 25. Kd3 Qxb1+ 26. Ke3 Qe1+ 27. Kf4 Rc4+ 28. Kf3 Qxe5 0-1


[Site "https://www.chess.com"]

[Event "Titled Tuesday Blitz June 21 Early 2022"]
[White "Artemenko, Oleg"]
[Black "Manukian, Artak"]
[WhiteFideId "14201798"]
[BlackFideId "13301373"]
[WhiteElo "2287"]
[BlackElo "2487"]
[Result "1/2-1/2"]
[Round "10"]
[TimeControl "180+1"]
[Date "2022.06.22"]
[WhiteClock "0:00:41"]
[BlackClock "0:00:07"]

1. e4 c6 2. d4 d5 3. e5 Bf5 4. Nf3 e6 5. Be2 c5 6. c4 dxc4 7. dxc5 Qxd1+ 8. Bxd1 Bxc5 9. Nbd2 Nc6 10. Nxc4 O-O-O 11. Be2 h6 12. O-O Bd3 13. Bxd3 Rxd3 14. a3 b5 15. Be3 Bxe3 16. Nxe3 Nge7 17. Rac1 Kb7 18. Rc5 a6 19. Rfc1 Rhd8 20. h4 Rc8 21. Kf1 Na7 22. Rxc8 Naxc8 23. Ke2 Rd7 24. Nd2 Nc6 25. Ne4 Rc7 26. Nc5+ Kb6 27. Nd3 Nd4+ 28. Kd1 Rxc1+ 29. Kxc1 Ne7 30. g3 Nec6 31. f4 Ne2+ 32. Kd2 Nxg3 33. Kc3 h5 34. b4 Ne4+ 35. Kb2 a5 36. Nc2 Nd2 37. Nce1 Nc4+ 38. Ka2 Ne3 39. Nf3 Nf5 40. Kb2 axb4 41. axb4 f6 42. Kc3 Nce7 43. Kd2 Nd5 44. Ke2 Nc3+ 45. Ke1 Nd5 46. Kd2 Kc6 47. Ke2 Kd7 48. Nc5+ Ke7 49. Nd3 Kf7 50. Kf2 Ke7 51. Kg2 Kd7 52. Kh3 Ke7 53. Nd2 Nd4 54. Ne4 Ne2 55. exf6+ gxf6 56. f5 exf5 57. Ng3 Nxg3 58. Kxg3 Ke6 59. Kf3 f4 60. Ke4 f5+ 61. Kf3 Kf6 62. Kf2 Ke6 63. Kf3 Kf6 64. Kf2 Ke6 65. Ke2 Kf6 66. Kf3 Ke6 67. Kg2 Kf6 68. Kf2 1/2-1/2


[Site "https://www.chess.com"]

[Event "Titled Tuesday Blitz June 21 Early 2022"]
[White "Barbashin, Igor"]
[Black "De Souza, Cristiano Gomes"]
[WhiteFideId "4155718"]
[BlackFideId "2151758"]
[WhiteElo "2138"]
[BlackElo "2068"]
[Result "1-0"]
[Round "10"]
[TimeControl "180+1"]
[Date "2022.06.22"]
[WhiteClock "0:00:55"]
[BlackClock "0:01:19"]

1. d4 Nf6 2. c4 g6 3. Nc3 Bg7 4. e4 d6 5. Nf3 O-O 6. Be2 Nc6 7. O-O e5 8. dxe5 Nxe5 9. Nxe5 dxe5 10. Qxd8 Rxd8 11. Bg5 Re8 12. Rfd1 c6 13. b4 Be6 14. c5 h6 15. Be3 Rad8 16. f3 Kf8 17. a4 Ke7 18. b5 Nh5 19. a5 Nf4 20. Bf1 Rxd1 21. Rxd1 Rd8 22. Rb1 Bc8 23. a6 cxb5 24. axb7 Bxb7 25. Nxb5 Ba6 26. Nxa7 Bxf1 27. Nc6+ Kd7 28. Nxd8 Kxd8 29. Kxf1 Ne6 30. Rb7 f5 31. c6 fxe4 32. fxe4 Bf8 33. Bb6+ Kc8 34. Rf7 Bc5 35. Rf6 Bxb6 36. Rxe6 Be3 37. Rxe5 Kc7 38. Re6 g5 39. Rxh6 Bf4 40. g3 1-0


[Site "https://www.chess.com"]